3L
THUNDER BAY NORTHERN LIONS BC @ D.C. DIVIDED
10/16/2022
 
TOP OF THE 1ST
Thunder Bay Northern Lions BC batting - Pitching for D.C. Divided : LHP Leslie Brooks
Pitching: LHP Leslie Brooks
Batting: SHB Arnold Griffith 0-0: Ball
1-0: Ground out 4-3 (Groundball, 4M)
Batting: LHB Pancho García 0-0: Ground out 4-3 (Groundball, 4)
Batting: RHB Jonathan Cook 0-0: Ball
1-0: Ball
2-0: Ball
3-0: Base on Balls
Batting: LHB John Brewer 0-0: Swinging Strike
0-1: Fly out, F8 (Flyball, 8LXD)
Top of the 1st over - 0 run(s), 0 hit(s), 0 error(s), 1 left on base; Thunder Bay 0 - D.C. 0
BOTTOM OF THE 1ST
D.C. Divided batting - Pitching for Thunder Bay Northern Lions BC : RHP Jorge Castillo
Pitching: RHP Jorge Castillo
Batting: LHB Charles Mathes 0-0: Called Strike
0-1: Ground out 4-3 (Groundball, 4M)
Batting: SHB Eiji Suzuki 0-0: Ball
1-0: Swinging Strike
1-1: Ball
2-1: Foul Ball, location: 2F
2-2: Ground out 4-3 (Groundball, 4)
Batting: LHB Ray Sears 0-0: Foul Ball, location: 2F
0-1: Ball
1-1: Called Strike
1-2: Strikes out swinging
Bottom of the 1st over - 0 run(s), 0 hit(s), 0 error(s), 0 left on base; Thunder Bay 0 - D.C. 0
TOP OF THE 2ND
Thunder Bay Northern Lions BC batting - Pitching for D.C. Divided : LHP Leslie Brooks
Batting: RHB Robert O'Connor 0-0: Ball
1-0: Ball
2-0: Ball
3-0: Called Strike
3-1: Reached on error, E6 (Groundball, 6D)
Batting: SHB Carlos Rodríguez 0-0: Ball
1-0: Foul Ball, location: 2F
1-1: Fly out, F4 (Popup, 34)
Batting: RHB Ed Whitaker 0-0: Called Strike
0-1: Ball
1-1: Called Strike
1-2: Strikes out swinging
Batting: LHB David Martínez 0-0: SINGLE (Groundball, 4M)
Robert O'Connor to third
Runner from 3rd tries for Home, SAFE, no throw or cutoff
Batting: RHB Keith Fish 0-0: Called Strike
0-1: Foul Ball, location: 2F
0-2: Foul Ball, location: 2F
0-2: Foul Ball, location: 2F
0-2: Strikes out looking
Top of the 2nd over - 1 run(s), 1 hit(s), 1 error(s), 1 left on base; Thunder Bay 1 - D.C. 0
BOTTOM OF THE 2ND
D.C. Divided batting - Pitching for Thunder Bay Northern Lions BC : RHP Jorge Castillo
Batting: LHB Mike Gardner 0-0: Ball
1-0: Ball
2-0: Ground out 6-3 (Groundball, 6)
Batting: LHB Brad Elmore 0-0: Ball
1-0: Ball
2-0: Foul Ball, location: 2F
2-1: Ball
3-1: Base on Balls
Batting: RHB Lúcio López 0-0: Foul Ball, location: 2F
0-1: Ball
1-1: Ball
2-1: Foul Ball, location: 2F
2-2: Grounds into double play, 5-4-3 (Groundball, 56)
Bottom of the 2nd over - 0 run(s), 0 hit(s), 0 error(s), 0 left on base; Thunder Bay 1 - D.C. 0
TOP OF THE 3RD
Thunder Bay Northern Lions BC batting - Pitching for D.C. Divided : LHP Leslie Brooks
Batting: SHB Arnold Griffith 0-0: Ball
1-0: SOLO HOME RUN (Flyball, 9D), Distance : 387 ft
Batting: LHB Pancho García 0-0: Ball
1-0: SINGLE (Line Drive, 6D)
Batting: RHB Jonathan Cook 0-0: Ball
1-0: Ball
2-0: Fly out, F5 (Popup, 5S)
Batting: LHB John Brewer 0-0: Ball
1-0: Swinging Strike
1-1: Foul Ball, location: 2F
1-2: Foul Ball, location: 2F
1-2: Strikes out swinging
Batting: RHB Robert O'Connor 0-0: Ball
1-0: Called Strike
1-1: Ball
2-1: Fly out, F7 (Flyball, 78S)
Top of the 3rd over - 1 run(s), 2 hit(s), 0 error(s), 1 left on base; Thunder Bay 2 - D.C. 0
BOTTOM OF THE 3RD
D.C. Divided batting - Pitching for Thunder Bay Northern Lions BC : RHP Jorge Castillo
Batting: RHB Mario Castillo 0-0: Called Strike
0-1: Foul Ball, location: 2F
0-2: Fly out, F9 (Flyball, 9LM)
Batting: RHB Cristo González 0-0: Called Strike
0-1: Ball
1-1: Foul Ball, location: 2F
1-2: SINGLE (Groundball, 56S)
Batting: RHB Brett Robinson 0-0: Foul Ball, location: 2F
0-1: SINGLE (Line Drive, 56D)
Cristo González to second
Batting: LHB Charles Mathes 0-0: Ball
Cristo González is caught stealing 3rd base
Brett Robinson to second
1-0: Foul Ball, location: 2F
1-1: Ball
2-1: Foul Ball, location: 2F
2-2: Ball
3-2: Strikes out swinging
Bottom of the 3rd over - 0 run(s), 2 hit(s), 0 error(s), 1 left on base; Thunder Bay 2 - D.C. 0
TOP OF THE 4TH
Thunder Bay Northern Lions BC batting - Pitching for D.C. Divided : LHP Leslie Brooks
Batting: SHB Carlos Rodríguez 0-0: Ball
1-0: Called Strike
1-1: Foul Ball, location: 2F
1-2: Strikes out swinging
Batting: RHB Ed Whitaker 0-0: Foul Ball, location: 2F
0-1: Ball
1-1: SINGLE (Groundball, 6MD)
Batting: LHB David Martínez 0-0: Ball
1-0: Grounds out, U3 (Groundball, 3L)
Batting: RHB Keith Fish 0-0: Foul Ball, location: 2F
0-1: Ball
1-1: Fly out, F9 (Flyball, 9M)
Top of the 4th over - 0 run(s), 1 hit(s), 0 error(s), 1 left on base; Thunder Bay 2 - D.C. 0
BOTTOM OF THE 4TH
D.C. Divided batting - Pitching for Thunder Bay Northern Lions BC : RHP Jorge Castillo
Batting: SHB Eiji Suzuki 0-0: SINGLE (Line Drive, 89S)
Batting: LHB Ray Sears 0-0: SINGLE (Groundball, 34D)
Eiji Suzuki to second
Runner from 2nd tries for 3rd, SAFE, throw made to third
Batting: LHB Mike Gardner 0-0: Fly out, F6 (Popup, 5)
Batting: LHB Brad Elmore 0-0: Ball
1-0: Ground out 3-1 (Groundball, 34)
Eiji Suzuki scores
Ray Sears to second
Batting: RHB Lúcio López 0-0: Ground out 5-3 (Groundball, 5S)
Bottom of the 4th over - 1 run(s), 2 hit(s), 0 error(s), 1 left on base; Thunder Bay 2 - D.C. 1
TOP OF THE 5TH
Thunder Bay Northern Lions BC batting - Pitching for D.C. Divided : LHP Leslie Brooks
Batting: SHB Arnold Griffith 0-0: Fly out, F7 (Line Drive, 78D)
Batting: LHB Pancho García 0-0: Ball
1-0: Called Strike
1-1: Foul Ball, location: 2F
1-2: SINGLE (Groundball, 56D) (infield hit)
Batting: RHB Jonathan Cook 0-0: Ball
1-0: Ball
2-0: Called Strike
2-1: Ball
3-1: Called Strike
3-2: Base on Balls
Pancho García to second
Batting: LHB John Brewer 0-0: Fielders Choice at 2nd, 3-6 (Groundball, 3)
Pancho García to third
Batting: RHB Robert O'Connor 0-0: Foul Ball, location: 2F
0-1: SINGLE (Line Drive, 4MD)
Pancho García scores
John Brewer to second
Batting: SHB Carlos Rodríguez 0-0: Foul Ball, location: 2F
0-1: Called Strike
0-2: Ball
1-2: Ball
2-2: Ball
3-2: Foul Ball, location: 2F
3-2: Base on Balls
John Brewer to third
Robert O'Connor to second
Batting: RHB Ed Whitaker 0-0: Called Strike
0-1: Ground out 6-3 (Groundball, 6)
Top of the 5th over - 1 run(s), 2 hit(s), 0 error(s), 3 left on base; Thunder Bay 3 - D.C. 1
BOTTOM OF THE 5TH
D.C. Divided batting - Pitching for Thunder Bay Northern Lions BC : RHP Jorge Castillo
Batting: RHB Mario Castillo 0-0: Swinging Strike
0-1: Ground out 6-3 (Groundball, 6M)
Batting: RHB Cristo González 0-0: Ball
1-0: Called Strike
1-1: Ball
2-1: Foul Ball, location: 2F
2-2: Foul Ball, location: 2F
2-2: SINGLE (Groundball, 5D)
Batting: RHB Brett Robinson 0-0: Ball
1-0: Called Strike
1-1: Called Strike
1-2: Foul Ball, location: 2F
1-2: 2-RUN HOME RUN (Line Drive, 7D), Distance : 410 ft
Batting: LHB Charles Mathes 0-0: Ball
1-0: Fly out, F9 (Flyball, 89XD)
Batting: SHB Eiji Suzuki 0-0: Ball
1-0: Foul Ball, location: 2F
1-1: Called Strike
1-2: Ball
2-2: Ground out 4-3 (Groundball, 4)
Bottom of the 5th over - 2 run(s), 2 hit(s), 0 error(s), 0 left on base; Thunder Bay 3 - D.C. 3
TOP OF THE 6TH
Thunder Bay Northern Lions BC batting - Pitching for D.C. Divided : LHP Leslie Brooks
Batting: LHB David Martínez 0-0: Foul Ball, location: 2F
0-1: Fly out, F7 (Line Drive, 7S)
Batting: RHB Keith Fish 0-0: Called Strike
0-1: Ball
1-1: SINGLE (Groundball, 56)
Batting: SHB Arnold Griffith 0-0: Foul Ball, location: 2F
0-1: Ground out 4-3 (Groundball, 4M)
Keith Fish to second
Batting: LHB Pancho García 0-0: Swinging Strike
0-1: Ball
1-1: Foul Ball, location: 2F
1-2: Ground out 1-3 (Groundball, 13S)
Top of the 6th over - 0 run(s), 1 hit(s), 0 error(s), 1 left on base; Thunder Bay 3 - D.C. 3
BOTTOM OF THE 6TH
D.C. Divided batting - Pitching for Thunder Bay Northern Lions BC : RHP Jorge Castillo
Batting: LHB Ray Sears 0-0: Foul Ball, location: 2F
0-1: Ball
1-1: Swinging Strike
1-2: Strikes out swinging
Batting: LHB Mike Gardner 0-0: Ball
1-0: Ball
2-0: Foul Ball, location: 2F
2-1: Called Strike
2-2: Ball
3-2: Foul Ball, location: 2F
3-2: SOLO HOME RUN (Flyball, 8LXD), Distance : 447 ft
Batting: LHB Brad Elmore 0-0: Called Strike
0-1: Ball
1-1: Called Strike
1-2: Foul Ball, location: 2F
1-2: Ball
2-2: Ball
3-2: Strikes out swinging
Batting: RHB Lúcio López 0-0: Ball
1-0: Ball
2-0: Called Strike
2-1: Ball
3-1: Called Strike
3-2: Reached on error, E1 (Groundball, 15)
Batting: RHB Mario Castillo 0-0: Ball
1-0: Called Strike
1-1: Called Strike
1-2: Ball
2-2: Strikes out swinging
Bottom of the 6th over - 1 run(s), 1 hit(s), 1 error(s), 1 left on base; Thunder Bay 3 - D.C. 4
TOP OF THE 7TH
Thunder Bay Northern Lions BC batting - Pitching for D.C. Divided : LHP Leslie Brooks
Batting: RHB Jonathan Cook 0-0: Called Strike
0-1: Ball
1-1: Ball
2-1: Ball
3-1: SINGLE (Groundball, 6MD)
Batting: LHB John Brewer 0-0: Ball
1-0: Ball
2-0: Called Strike
2-1: Foul Ball, location: 2F
2-2: Ball
3-2: Foul Ball, location: 2F
3-2: Ground out U3 (Groundball, 3S)
Jonathan Cook to second
Batting: RHB Robert O'Connor 0-0: Ball
1-0: Foul Ball, location: 2F
1-1: Called Strike
1-2: Foul Ball, location: 2F
1-2: Ball
2-2: Ball
3-2: Ground out 5-3 (Groundball, 5S)
Jonathan Cook to third
Batting: SHB Carlos Rodríguez 0-0: Ground out 6-3 (Groundball, 6S)
Top of the 7th over - 0 run(s), 1 hit(s), 0 error(s), 1 left on base; Thunder Bay 3 - D.C. 4
BOTTOM OF THE 7TH
D.C. Divided batting - Pitching for Thunder Bay Northern Lions BC : RHP Jorge Castillo
Batting: RHB Cristo González 0-0: Ground out 6-3 (Groundball, 6)
Batting: RHB Brett Robinson 0-0: Ball
1-0: Reached on error, E6 (Groundball, 6)
Batting: LHB Charles Mathes 0-0: Ball
1-0: Grounds into double play, 4-6-3 (Groundball, 34)
Bottom of the 7th over - 0 run(s), 0 hit(s), 1 error(s), 0 left on base; Thunder Bay 3 - D.C. 4
TOP OF THE 8TH
Thunder Bay Northern Lions BC batting - Pitching for D.C. Divided : LHP Leslie Brooks
Batting: RHB Ed Whitaker 0-0: Called Strike
0-1: Ball
1-1: Swinging Strike
1-2: Ball
2-2: Ball
3-2: Fly out, F7 (Flyball, 7M)
Batting: LHB David Martínez 0-0: Ground out 4-3 (Groundball, 34)
Batting: RHB Keith Fish 0-0: Fly out, F8 (Flyball, 89M)
Top of the 8th over - 0 run(s), 0 hit(s), 0 error(s), 0 left on base; Thunder Bay 3 - D.C. 4
BOTTOM OF THE 8TH
D.C. Divided batting - Pitching for Thunder Bay Northern Lions BC : RHP Jorge Castillo
Batting: SHB Eiji Suzuki 0-0: Ball
1-0: Called Strike
1-1: Hit by Pitch
Batting: LHB Ray Sears 0-0: Ball
1-0: Ball
2-0: DOUBLE (Line Drive, 9LS)
Eiji Suzuki to third
Batting: LHB Mike Gardner 0-0: Intentional Walk
Batting: LHB Brad Elmore 0-0: Ball
1-0: Called Strike
1-1: Grounds into fielders choice 4-2 (Groundball, 13)
Ray Sears to third
Mike Gardner to second
Batting: RHB Lúcio López 0-0: Ball
1-0: Foul Ball, location: 2F
1-1: Ball
2-1: Ball
3-1: SINGLE (Flyball, 78M)
Ray Sears scores
Mike Gardner to third
Brad Elmore to second
Pitching: RHP Brandon Bannatyne
Batting: RHB Mario Castillo 0-0: Swinging Strike
0-1: Called Strike
0-2: Foul Ball, location: 2F
0-2: Ball
1-2: Strikes out swinging
Batting: RHB Cristo González 0-0: Foul Ball, location: 2F
0-1: Ball
1-1: Foul Ball, location: 2F
1-2: Foul Ball, location: 2F
1-2: Ball
2-2: Ground out 6-3 (Groundball, 6)
Bottom of the 8th over - 1 run(s), 2 hit(s), 0 error(s), 3 left on base; Thunder Bay 3 - D.C. 5
TOP OF THE 9TH
Thunder Bay Northern Lions BC batting - Pitching for D.C. Divided : LHP Leslie Brooks
Batting: SHB Arnold Griffith 0-0: Ball
1-0: DOUBLE (Line Drive, 7M)
Pitching: RHP Gabriel Hidalgo
Batting: LHB Pancho García 0-0: Ball
1-0: Foul Ball, location: 2F
1-1: Ball
2-1: Swinging Strike
2-2: Ball
3-2: Ground out 4-3 (Groundball, 34)
Arnold Griffith to third
Batting: RHB Jonathan Cook 0-0: Ball
1-0: Foul Ball, location: 2F
1-1: Ball
2-1: Ball
3-1: Swinging Strike
3-2: Base on Balls
Batting: LHB John Brewer 0-0: Ball
1-0: Called Strike
1-1: Ball
2-1: Ball
3-1: DOUBLE (Flyball, 78XD)
Arnold Griffith scores
Jonathan Cook to third
Batting: RHB Robert O'Connor 0-0: Foul Ball, location: 2F
0-1: Foul Ball, location: 2F
0-2: Strikes out swinging
Batting: SHB Carlos Rodríguez 0-0: DOUBLE (Flyball, 78D)
Jonathan Cook scores
John Brewer scores
Pitching: LHP Greg Jordan
Batting: RHB Ed Whitaker 0-0: Called Strike
0-1: Fly out, F7 (Flyball, 7M)
Top of the 9th over - 3 run(s), 3 hit(s), 0 error(s), 1 left on base; Thunder Bay 6 - D.C. 5
BOTTOM OF THE 9TH
D.C. Divided batting - Pitching for Thunder Bay Northern Lions BC : RHP Brandon Bannatyne
Pitching: RHP José Ramos
Batting: RHB Brett Robinson 0-0: Ball
1-0: Ground out 4-3 (Groundball, 4M)
Batting: LHB Charles Mathes 0-0: Ball
1-0: Foul Ball, location: 2F
1-1: Ball
2-1: Foul Ball, location: 2F
2-2: Ball
3-2: Foul Ball, location: 2F
3-2: Base on Balls
Batting: SHB Eiji Suzuki 0-0: Grounds into double play, 4-6-3 (Groundball, 34)
Bottom of the 9th over - 0 run(s), 0 hit(s), 0 error(s), 0 left on base; Thunder Bay 6 - D.C. 5
This league is powered by Out of the Park Baseball, the baseball management simulation game for PC, Mac and Linux
Friday, April 15th, 2016 - OOTP Baseball 16.9 Build 39